 Dungeon Crawl Stone Soup version 0.28.0-1-gb440e238dd (webtiles) character file.

Game seed: 11390766269608398620

87 mortz the Conjurer (level 4, 0/30 HPs)
             Began as a Human Conjurer on Feb 23, 2022.
             Slain by a jackal (1 damage)
             ... on level 1 of the Dungeon.
             The game lasted 00:10:34 (2080 turns).

mortz the Conjurer (Human Conjurer)                 Turns: 2080, Time: 00:10:34

Health: 0/30       AC:  3    Str:  8    XL:     4   Next: 80%
Magic:  1/8        EV: 12    Int: 20    God:
Gold:   45         SH:  0    Dex: 11    Spells: 5/8 levels left

rFire   . . .      SeeInvis .   c - +0 short sword
rCold   . . .      Faith    .   (no shield)
rNeg    . . .      Spirit   .   a - +0 robe
rPois   .          Reflect  .   i - +0 helmet
rElec   .          Harm     .   (no cloak)
rCorr   .          Rampage  .   (no gloves)
Will    .....                   (no boots)
Stlth   ++........              (no amulet)
HPRegen 0.10/turn               (no ring)
MPRegen 0.11/turn               (no ring)

@: no status effects
A: no striking features
a: no special abilities


You were on level 1 of the Dungeon.
You visited 1 branch of the dungeon, and saw 2 of its levels.

You collected 45 gold pieces.

Inventory:

Hand Weapons
 b - a +0 dagger
 c - a +0 short sword (weapon)
Armour
 a - a +0 robe (worn)
 i - a +0 helmet (worn)
Scrolls
 d - 4 scrolls of identify {unknown}
 e - a scroll of teleportation {unknown}
 f - a scroll of enchant armour {unknown}
 g - a scroll of fog {unknown}


   Skills:
 + Level 0.2 Fighting
 + Level 2.2 Dodging
 + Level 2.2 Stealth
 + Level 2.7 Spellcasting
 + Level 5.1 Conjurations


You had 5 spell levels left.
You knew the following spells:

 Your Spells              Type           Power      Damage    Failure   Level
a - Magic Dart            Conj           92%        1d7       1%          1
b - Searing Ray           Conj           46%        2d6       2%          2

Your spell library contained the following spells:

 Spells                   Type           Power      Damage    Failure   Level
 Apportation              Tloc           4%         N/A       14%         1
 Dazzling Flash           Conj/Hex       26%        N/A       16%         3
 Inner Flame              Hex/Fire       2%         N/A       41%         3
 Fulminant Prism          Conj/Hex       6%         3d7       45%         4
 Iskenderun's Mystic Bla  Conj/Tloc      13%        2d5       45%         4
 Cause Fear               Hex            1%         N/A       82%         4
 Alistair's Intoxication  Tmut/Pois      1%         N/A       99%         5
 Discord                  Hex            1%         N/A       100%        8
 Chain Lightning          Conj/Air       6%         3d8       100%        9
 Fire Storm               Conj/Fire      6%         8d2       100%        9
 Shatter                  Erth           1%         3d5*      100%        9


Dungeon Overview and Level Annotations

Branches:
Dungeon (2/15)

Altars:


Message History

Aiming: Searing Ray (safe; 2% risk of failure)
Press: ? - help, Shift-Dir - straight line, f/p - adder
Aim: an adder (almost dead, 63% to hit)
The searing ray hits the adder!
You kill the adder! (Press . to maintain the ray.)
You feel sick. The jackal bites you.
Aiming: Magic Dart (safe; 1% risk of failure)
Press: ? - help, Q - select action, (/) - cycle Shift-Dir - straight line, f - jackal
Aim: a jackal (100% to hit)
The magic dart hits the jackal.
The jackal is moderately wounded.
You feel sick.
You are no longer poisoned.
The jackal bites you.
* * * LOW HITPOINT WARNING * * *
The jackal bites you.
* * * LOW HITPOINT WARNING * * *
You closely miss the jackal.
The jackal is moderately wounded.
The jackal bites you.
* * * LOW HITPOINT WARNING * * *
You hit the jackal but do no damage.
The jackal is moderately wounded.
The jackal barely misses you. The jackal misses you.
You hit the jackal but do no damage.
The jackal is moderately wounded.
The jackal bites you but does no damage.
You completely miss the jackal.
The jackal is moderately wounded.
The jackal bites you.
* * * LOW HITPOINT WARNING * * *
The jackal barely misses you.
You miss the jackal.
The jackal is moderately wounded.
The jackal misses you. The jackal bites you.
* * * LOW HITPOINT WARNING * * *
The jackal bites you.
You die...

...#####.........................
.................................
..........###.#..................
..........# #.#..................
...###.#.## #...................#
.......#.# ##..##..............#
########.# #..##..............#
#.#.# ##h##..............# #...#
#>@...............#
#######################'########
#.....................#.#
##.###################.#.#
...#....# #.#.# .###.##.# #.#.#
.# #.##.# #...# .###.##.# #####
.....##.#


You could see a jackal.

Vanquished Creatures
  Robin (D:1)
  An adder (D:1)
  A worm (D:2)
  3 dart slugs (D:1)
  2 endoplasms
  2 giant cockroaches
  12 goblins
  5 hobgoblins
  2 jackals
  3 kobolds
  3 quokkas
  A ball python (D:1)
  8 bats
  A frilled lizard (D:2)
  8 rats
53 creatures vanquished.

Notes
Turn   | Place    | Note
-------+----------+-------------------------------------------
     0 | D:1      | mortz the Human Conjurer began the quest for the Orb.
     0 | D:1      | Reached XP level 1. HP: 13/13 MP: 3/3
   194 | D:1      | Reached XP level 2. HP: 19/19 MP: 1/5
   197 | D:1      | Learned a level 2 spell: Searing Ray
   497 | D:1      | Reached XP level 3. HP: 24/24 MP: 2/6
  1494 | D:2      | Noticed Robin
  1499 | D:2      | Reached XP level 4. HP: 30/30 MP: 4/7
  1507 | D:1      | Killed Robin
  1508 | D:1      | Reached skill level 5 in Conjurations
  2080 | D:1      | HP: 1/30 [jackal (2)]
  2080 | D:1      | Slain by a jackal

Illustrated notes

Levels and vault maps discovered:
D:1:      elethiomel_arrival_diamonds, layout_basic
D:2:      layout_rooms, basic_altar, uniq_natasha, uniq_sigmund, uniq_robin

Skill      XL: |  1  2  3  4 |
---------------+-------------+-----
Conjurations   | 5 |  5.1
Fighting       | |  0.2
Dodging        | |  2.2
Stealth        | |  2.2
Spellcasting   | |  2.7

Action                   |  1- 3 |  4- 6 || total
-------------------------+-------+-------++-------
Melee: Dagger            |     9 |       ||     9
       Short sword       |       |     7 ||     7
 Cast: Magic Dart        |    59 |    11 ||    70
       Searing Ray       |     4 |    10 ||    14
Armor: Robe              |     1 |     6 ||     7
Dodge: Dodged            |     9 |    37 ||    46
